Workbook
Name A: 'ESP Project Tracker'!#REF!
Name A: 'ESP Project Tracker (2)'!#REF!
Name A: #REF!
Name A: #REF!
Name B: 'ESP Project Tracker'!#REF!
Name B: 'ESP Project Tracker (2)'!#REF!
Name B: #REF!
Name B: #REF!
Name C_: 'ESP Project Tracker'!#REF!
Name C_: 'ESP Project Tracker (2)'!#REF!
Name C_: #REF!
Name C_: #REF!
Name D: 'ESP Project Tracker'!#REF!
Name D: 'ESP Project Tracker (2)'!#REF!
Name D: #REF!
Name Define: #REF!
Name Define: #REF!
Name Define: 'ESP Project Tracker'!$Q$107:$Q$143
Name Define: 'ESP Project Tracker (2)'!$P$94:$P$137
Name Define: #REF!
Name Define: #REF!
Name Define: #REF!
Name E: #REF!
Name E: #REF!
Name E: 'ESP Project Tracker'!#REF!
Name E: 'ESP Project Tracker (2)'!#REF!
Name E: #REF!
Name E: #REF!
Name E: #REF!
Name ESP_Category: #REF!
Name ESP_Category: #REF!
Name ESP_Category: 'ESP Project Tracker'!#REF!
Name ESP_Category: 'ESP Project Tracker (2)'!#REF!
Name ESP_Category: #REF!
Name ESP_Category: #REF!
Name ESP_Category: #REF!

Sheet Bespoke ESP Targets
A1: BESPOKE or AGREED ESP and Community Benefit Targets
A3: NOTE - This page should only be completed when bespoke ESP Targets are agreed with the Client and Scape ESP Framework Manager or when agreeing further targets for monitored ESP or Community Benefit items with clients.
B6: Employment and Skills Areas | C6: Measured by | D6: Measures | K6: Plan to Achieve ESP Target
D7: Agreement | E7: A | F7: B | G7: C | H7: D | I7: E | J7: Number
E8: £1.5m | F8: £3.5m | G8: £7.5m | H8: £15m | I8: £25m
A9: 1 | B9: Work Experience
A10: 1.1 | B10: Work experience over 16 years | C10: No of Individuals | D10: Agreed with WBC on 24-02-2025 | J10: 2 | K10: Balfour Beatty will work alongside our supply chain partners to deliver work experience placements across a range of sectors for students. The opportunities will be made available through local education establishments, the WJSC and other relevant charities. Schools to engage: • The High Close School (Ofsted 2, FSM 47.65) • Westcott Infant School (Ofsted 1, FSM 8.2%) • Floreat Montague Park Primary School (Ofsted 2, FSM 11.6%) • St Crispin’s School (Ofsted 2, FSM 11.2%) • Chiltern Way Academy Wokingham (Ofsted N/A, FSM 59.2%) • The Holt School (Ofsted 1, FSM 7.0%)
E11: 3 | F11: 4 | G11: 6 | H11: 7 | I11: 7
A12: 2 | B12: Engagement with schools/colleges
A13: 2.1 | B13: School college visits | C13: No of visits | D13: Agreed with WBC on 24-02-2025 | E13: 36 | F13: 61 | G13: 73 | H13: 85 | I13: 121 | J13: 10 | K13: Our goal is to engage with schools and colleges through career fairs, site visits, workshops/demonstrations and online engagment such as Construction Live. This will provide students with valuable insights into the construction industry. Our aim is to provide an immersive experience that inspires and educates students about the diverse career opportunities in the construction industry.
A14: 3 | B14: Adult Employment Opportunities (19+)
A15: 3.1 | B15: Number of opportunities created | C15: No of Individuals | D15: Agreed with WBC on 24-02-2025 | E15: 1 | F15: 3 | G15: 7 | H15: 8 | I15: 10 | J15: 2 | K15: Balfour Beatty will endeavour to make links with the Wokingham Job Support Centre (WJSC), a locally funded charity offering free support and guidance to help support those in Wokingham to help find work.
A16: 3.2 | B16: Number of opportunities advertised locally | C16: No of advertised positions | D16: Agreed with WBC on 24-02-2025 | E16: 1 | F16: 3 | G16: 7 | H16: 8 | I16: 10 | J16: 2 | K16: We aim to provide bespoke support into employment for the built environment sector and overall employability skills. This is delivered in collaboration with our supply chain partners to widen opportunities for those seeking work to help diversify the opportunities available.
A17: 4 | B17: Trainees, Apprentices, Internships or Graduates (including Apprentice Training Agency placements)
A18: 4.1 | B18: Number of starts or completions | C18: No of Individuals | D18: Agreed with WBC on 24-02-2025 | E18: 0 | F18: 1 | G18: 3 | H18: 7 | I18: 9 | J18: 1 | K18: To enhance our project's success and support workforce development, we will collaborate with our supply chain partners to ensure the involvement of Xno. apprentices/trainees. These individuals will be integrated into various aspects of the project, gaining hands-on experience and contributing to our goals. We are committed to providing comprehensive training and mentorship to help them build valuable skills.
A19: 4.2 | B19: Weeks on site | C19: Weeks on site per new apprentice | D19: Agreed with WBC on 24-02-2025 | E19: 0 | F19: 12 | G19: 22 | H19: 32 | I19: 32 | J19: 40
A20: 4.3 | B20: Sustained Positions | C20: No of Individuals | D20: To be Monitored | E20: To be Monitored | F20: To be Monitored | G20: To be Monitored | H20: To be Monitored | I20: To be Monitored | J20: To be Monitored
A21: 4.4 | B21: Weeks on site | C21: Weeks on site for existing apprentices | D21: To be Monitored | E21: To be Monitored | F21: To be Monitored | G21: To be Monitored | H21: To be Monitored | I21: To be Monitored | J21: To be Monitored
A22: 5 | B22: Training courses (internal and external)
A23: 5.1 | B23: Health & Safety (SSSTS, SMSTS etc) | C23: No of people days on training courses | D23: Agreed with WBC on 24-02-2025 | E23: 10 | F23: 14 | G23: 20 | H23: 37 | I23: 61 | J23: 2
A24: 5.2 | B24: Professional Development (including Pre-employment courses) | D24: Agreed with WBC on 24-02-2025 | E24: 2 | F24: 3 | G24: 4 | H24: 10 | I24: 14 | J24: 15
A25: 5.3 | B25: Sustainability/innovation | D25: Agreed with WBC on 24-02-2025 | E25: 2 | F25: 3 | G25: 4 | H25: 10 | I25: 14 | J25: 15
A26: 6 | B26: Professional and Academic Qualifications
A27: 6.1 | B27: CIAT; CIBSE; CIOB; ICE etc – Starts or Completions | C27: No of Individuals | D27: Agreed with WBC on 24-02-2025 | E27: 0 | F27: 0 | G27: 1 | H27: 2 | I27: 4 | J27: 2
A28: 6.2 | B28: Degree/HNC or similar – Starts or Completions | C28: No of Individuals | D28: Agreed with WBC on 24-02-2025 | E28: 0 | F28: 0 | G28: 1 | H28: 2 | I28: 4 | J28: 1
A29: 6.3 | B29: NVQ (any level) – Starts or Completions | C29: No of Individuals | D29: Agreed with WBC on 24-02-2025 | E29: 2 | F29: 2 | G29: 4 | H29: 10 | I29: 12 | J29: 15
A30: 7 | B30: Training Groups and Plans
A31: 7.1 | B31: Employment and Skills Groups Meetings | C31: No of Meetings | D31: To be Monitored | E31: To be Monitored | F31: To be Monitored | G31: To be Monitored | H31: To be Monitored | I31: To be Monitored | J31: To be Monitored
A32: 7.2 | B32: Training Plans Reviewed (Staff or Supply Chain) | C32: No Individuals or Companies | D32: To be Monitored | E32: To be Monitored | F32: To be Monitored | G32: To be Monitored | H32: To be Monitored | I32: To be Monitored | J32: To be Monitored
A33: 8 | B33: Community Engagement
A34: 8.1 | B34: Newsletters | C34: No of Newsletters | D34: To be Monitored | E34: To be Monitored | F34: To be Monitored | G34: To be Monitored | H34: To be Monitored | I34: To be Monitored | J34: To be Monitored | K34: We will create valuable newsletters showcasing our social impact progress including the below: 1. Project Updates • Progress reports on ongoing social impact projects. • Milestones achieved and future goals. 2. Success Stories • Testimonials from beneficiaries. • Case studies of individuals or communities positively impacted. 3. Volunteer Spotlights • Profiles of dedicated volunteers. • Interviews or stories highlighting their contributions. 4. Partnership Highlights • Features on collaborations with other organisations. • Impact of these partnerships on our initiatives. 5. Upcoming Events • Announcements of events, workshops, or webinars. • Invitations to participate or volunteer. 6. Impact Metrics • Data and statistics showing measurable outcomes. • Infographics that visualise our progress.
A35: 8.2 | B35: Volunteer Events | C35: No of volunteer days | D35: To be Monitored | E35: To be Monitored | F35: To be Monitored | G35: To be Monitored | H35: To be Monitored | I35: To be Monitored | J35: To be Monitored | K35: Balfour Beatty has identified several local charities and community organisations to support through Balfour Beatty staff volunteering days, some examples of these are below: • Wokingham Food Bank – emergency food • Elevate Me Wokingham - Advice and support on employment, training, and education • Promise Inclusion - support and activities for people with learning disabilities and autism • Wokingham In Need: local run charity helping the homeless We will make links with the Wokingham Volunteer Centre to identify further opportunities for volunteering to support local organisations in need.
A36: 8.3 | B36: Charitable Donations | C36: Amount (£) where this is equipment an equivalent cost should be input | D36: To be Monitored | E36: To be Monitored | F36: To be Monitored | G36: To be Monitored | H36: To be Monitored | I36: To be Monitored | J36: To be Monitored | K36: Balfour Beatty has researched and found various charities in the nearby area of the project for which charitable donations will be carefully considered and fundraising opportunities in line with WBC and Balfour Beatty priorities will be made. We will ensure that fundraising will cover a wide range of areas of focus to ensure a fair and even distribution of charitable donations.
A37: 8.4 | B37: Community Based Events (i.e. Time-capsule or Ground Breaking Ceremony) | C37: No of Events | D37: To be Monitored | E37: To be Monitored | F37: To be Monitored | G37: To be Monitored | H37: To be Monitored | I37: To be Monitored | J37: To be Monitored

Sheet ESP Project Tracker (2)
C1: , | D1: Scape Civil Engineering and Infrastructure Framework
D2: Employment and Skills Plan
D3: Project Tracker
C5: Colour Key | F5: New evidence not on original tracker | L5: Evidence of all activities is required for the final evidence file.
C6: Evidenced | F6: uploaded | L6: Photographs from all events should be shared at the earliest opportunity for PR purposes with the Balfour Beatty evdience team, Comms and the client/Scape if applicable.
C7: Actions Taken | F7: Question for Karen
C8: No longer with company - no way of getting evidence | F8: Stated Target | L8: All achievements should be tracked and recorded even those that do not achieve the overall criteria as it will all count towards any Social Value analysis on completion.
C9: Project to be reviewed on a monthly basis and reported to your Regional ESP Champion | F9: =VLOOKUP(X491, Q478:AM485, 2, FALSE) -> #N/A
C10: Insert rows for individual targets as required (See Example)
D11: Employment and Skills Areas | E11: Measured by | F11: Scape Project Target | G11: Target Delivery Breakdown | H11: Achieved to Date | I11: Duration | J11: Summary of Activities to Date | K11: Plan to Achieve ESP Target | L11: Close Out Date | M11: Person Responsible for Delivery | N11: Project Name Target Was Completed On | O11: Evidence Provided
B12: 6 | C12: 1 | D12: Work Experience
B13: U16 work experience must be at least 1 week in duration and does not have to completed all at once. Work placements can be hosted on-site (office based), with suppliers, designers, clients or in BB local offices if available. | C13: 1.1 | D13: Work experience under 16 years | E13: No of Individuals | F13: =SUM(F14:F19) -> 6 | G13: =SUM(G14:G22) -> 13.75 | H13: =SUM(H14:H19) -> 11 | I13: Days
F14: 1 | G14: 1 | H14: 1 | I14: 5 | J14: Kieran O’Brien from Foundry College completed 5 days WE on 11th Feb - 15th Feb 2019. | M14: 06.10.22 | N14: ECI | O14: Diary and Pic Saved
F15: 1 | G15: 1 | H15: 1 | I15: 5 | J15: Alfie Butler-Mcleod from Foundry College completed 5 days WE on ACRR 11th Feb - 15th Feb 2019. | M15: 06.10.22 | N15: ACRR | O15: Diary and Pic Saved
F16: 1 | G16: 6 | H16: 6 | I16: 30 | J16: Learning in Lockdown Virtual Work Experience 18th - 22nd May 2020. (30 days 6 weeks) Adnan Abdulhusein mentored 6 students | N16: SR & WG PH1 | O16: Email from EE Saved
F17: 1 | G17: 1 | H17: 1 | I17: 5 | J17: Vijaya Singh from The Holt School joined the team from 17th - 21st June 2019. | L17: 10.07.19 | M17: 06.10.22 | N17: WG PH2 | O17: Diary saved
F18: 1 | G18: 1 | H18: 1 | I18: 5 | J18: Wiktoria Popielska from Bulmershe School joined the team from 4th - 8th March 2019 | M18: 06.10.22 | N18: WOOFR | O18: Feedback form and pics saved
F19: 1 | G19: 1 | H19: 1 | I19: 5 | J19: Mauve Webley from The Holt School joined the team from 17th - 21st June 2019. | L19: 24.06.19 | M19: Chris Hall 06.10.22 | N19: EG | O19: Feedback form and pic saved
G20: 0.75 | H20: 0.75 | I20: 3 | J20: Archie McDavitt Willink School (20.10.21 - 22.10.21 Office Assistant at R and M Lighting | O20: letter of confirmation from school, thank you note
G21: 1 | H21: 1 | I21: 5 | J21: Alex Hobdon subby Littlewood | L21: 18.10.22
G22: 1 | H22: 1 | I22: 5 | J22: Harry Jones subby Littlewood | L22: 18.10.22
B23: 15 | C23: 1.2 | D23: Work experience over 16 years | E23: No of Individuals | F23: =SUM(F24:F40) -> 15 | G23: =SUM(G24:G40) -> 7.5 | H23: =SUM(H24:H40) -> 7.5 | I23: Days
B24: Over 16 work experience must be for a minimum duration of 2weeks, but does not have to be completed all at once. Placements can be for Colleges, Universities or Adults seeking work. Work experience for adults not in employment, ex-offenders, armed forces leavers or volunteers can also contribute to wider performance indicators. Again any company working on the project can assist with hosting placements. | E24: Previously unemployed, leaving employment or in education / training | F24: 2 | G24: 0.5 | H24: 0.5 | I24: 4 | J24: Alexandria Bramley (The Piggott School) 30.07.18 - 02.08.18 4 days | N24: ECI | O24: Photo, Diary saved
E25: Previously unemployed, leaving employment or in education / training | G25: 0.5 | H25: 0.5 | I25: 5 | J25: Olivia Bray from Willink School sent by subby joined the team on 22nd July - 26th July 2019. | L25: 06.10.22 | M25: Jasvir Sandhu | N25: ECI | O25: Diary saved
E26: Previously unemployed, leaving employment or in education / training | F26: 2 | G26: 0.5 | H26: 0.5 | I26: 5 | J26: Nathan Gourley from Edgebarrow School joined the team on 18th Feb - 22nd Feb 2019. | L26: 06.10.22 | M26: Sian have completed 1.2 - they will send me evidence | N26: ACRR | O26: Diary saved
E27: Previously unemployed, leaving employment or in education / training | F27: 2 | G27: 0.5 | H27: 0.5 | I27: 5 | J27: Henry Woods from Edgbarrow School joined the team on 8th April - 12th April 2019. | L27: 06.10.22 06 | M27: Jasvir Sandhu | N27: LEWD | O27: Photo, Diary saved
E28: Previously unemployed, leaving employment or in education / training | G28: 0.5 | H28: 0.5 | I28: 4 | J28: Joley Mercer Gray (The Piggott School) 29.0518 - 01.06.18 4 days | N28: LEWD | O28: Photo, Diary saved
E29: Previously unemployed, leaving employment or in education / training | F29: 1 | G29: 1 | H29: 1 | I29: 30 | J29: Alicia Davies has been employed for 6 weeks as a summer placement student by Peter Brett Associates working on the WRR design from 9th July 2018 to 17th August 2018. | N29: WRR PH2 | O29: Letter from PBA saved
E30: Previously unemployed, leaving employment or in education / training | G30: 1 | H30: 1 | I30: 65 | J30: Frazer Humroy joined BB on his Civil Engineering placement from 11th June 2018 until 14th September 2018. | N30: LEWD | O30: HR Letter Saved
F31: 1 | J31: Need
F32: 1 | J32: Need
F33: 1 | J33: Need
F34: 1 | J34: Need
F35: 1 | J35: Need
F36: 1 | J36: Need
E37: Previously unemployed, leaving employment or in education / training | F37: 2 | G37: 1 | H37: 1 | I37: 45 | J37: Matthew Hubbartt joined BB on his Civil Engineering placement from 25th June 2018 until 31st August 2018. | N37: WG PH2 | O37: HR Letter Saved
E38: Previously unemployed, leaving employment or in education / training | G38: 1 | H38: 1 | I38: 75 | J38: Hilton Ellis joined BB on a Civil Engineering Industrial Placement from 01st June 2020- 11th Sep 2020
E39: Previously unemployed, leaving employment or in education / training | G39: 1 | H39: 1 | I39: 65 | J39: Jennifer Barclay has joined Balfour Beatty as a Student Civil Engineer on a summer placement. She joined on 17th June 2019 until 20th September 2019. | N39: WOOFR | O39: HR Letter Saved
E40: Choose employment history | N40: AF
C41: 2 | D41: Engagement with schools/colleges
B42: 1000 | C42: 2.1 | D42: School college visits | E42: No of pupils | F42: =SUM(F43:F61) -> 1000 | G42: =SUM(G43:G61) -> 6223 | H42: =SUM(H43:H61) -> 7189 | I42: Hours
B43: Educational visits can be site visits, visits to schools, colleges or universities, online engagement and or engagement with organisations such as Scouts and Guides. Each engagement should be captured separately and the time spent at the event (including planning and travel captured). | F43: 100 | G43: 70 | H43: 70 | I43: 4 | J43: Job Safari Adventure event, Addington School 22.02.18 (Tom Rice attended 70 students engaged with ) | K43: Sian - Georgia - contacted schools, construtction schools, care homes TBC | N43: ECI | O43: Feedback form saved
G44: 414 | H44: 414 | I44: 4 | J44: Chestnuts Primary School, Aspirations Day 18.06.18 (Eddie Tapper attended) | N44: ECI | O44: Feedback form recevied.
F45: 100 | G45: 210 | H45: 210 | I45: 2 | J45: St Sebastian CE Primary school, Construction LIVE Learn Live event. 26.06.18 210 students attended | N45: ACRR | O45: Learn Live Email saved.
G46: 1000 | H46: 1000 | I46: 12 | J46: Adviza Careers Fair 04.07.18 (James Harrison and Emma Gilchrist attended) | K46: =I46*H46 -> 12000 | N46: ACRR | O46: Feedback form saved
F47: 99 | G47: 45 | H47: 45 | I47: 3 | J47: St John the Baptist School -16.07.18 (Jaime MacCombe - Subcontractor Tony Gee - Year 10 Careers Morning: ‘A Day in the Life of…’ engaged with 45 children) | N47: BB | O47: Letter and email saved.
G48: 800 | H48: 800 | I48: 17 | J48: Science Museum We are Engineers Family Festival event 22.10.18 (Sam Hodges 800 children and their adults) | N48: BB | O48: Feedback form and pics saved
F49: 45 | G49: 1400 | H49: 1400 | I49: 15 | J49: The Holt School's Career's Fair 19.10.18 (Dan Powell and Conor Osbourne attended) | K49: =I49*H49 -> 21000 | N49: LEWD | O49: Feedback from saved
F50: 100 | G50: 240 | H50: 240 | I50: 4 | J50: Edgbarrows School Careers talk 13.11.18 (Aaron and Jack attended) | K50: =I50*H50 -> 960 | N50: WRR PH2 | O50: Feedback form and pics saved
H51: 210 | I51: 16 | J51: Aaron and Jack to present at an all day Year 9 Careers Event at Edgbarrows School on Friday 15th November 2019. | K51: =I51*H51 -> 3360 | L51: 05.10.11 | M51: Jasvir Sandhu MCD 03.10.22 rang and left message to contact - off sick. | N51: WRR PH2 | O51: Feedback form saved
F52: 100 | G52: 320 | H52: 320 | I52: 14 | J52: Oakbank School - Careers Fair on 9th Jan 2019. Aaron and Ethan attended. Year 9, Year 10 and Year 11 students | K52: =I52*H52 -> 4480 | L52: 06.10.22 | M52: Emailed contact to ask for evidence 03.10.22 | N52: SR & WG PH1 | O52: Feedback form saved
G53: 62 | H53: 62 | I53: 11 | J53: Construction Live 5 - St Sebastian\'s CE Primary school, Embrook School, watched the Live Broadcast on Careers in Construction 3rd March 2020 | K53: =I53*H53 -> 682 | L53: 09.06.20 | M53: 06.10.22 | N53: SR & WG PH1 | O53: Spreadsheet aved as evidence
F54: 100 | G54: 500 | H54: 500 | I54: 4 | J54: Reading College Career's Fair 22.11.18 (Jack and Hilton attended 500 students engaged) | K54: =I54*H54 -> 2000 | N54: WG PH2 | O54: Feedback form saved
F55: 100 | H55: 206 | I55: 2 | J55: The Holt School - Gosia presented a session on careers in BB on International Womens Day on 8th March 2019. | K55: =I55*H55 -> 412 | M55: Found in files MCD 03.10.22 | N55: WOOFR | O55: Feedback form and pic saved
H56: 425 | I56: 8 | J56: Edgbarrows School - Careers Convention 5th March 2020 - Aaron and Ethan attended. | K56: =I56*H56 -> 3400 | L56: 09.03.20 | M56: 03.10.22 rang and left message to contact - off sick. | N56: WOOFR | O56: Feedback form and pic saved
F57: 100 | G57: 100 | H57: 100 | I57: 16 | J57: National Apprenticeship Show for Balfour Beatty 5th March 2019 for the day. Ethan and Aaron helped out at the | K57: =I57*H57 -> 1600 | L57: 06.10.22 | N57: AF | O57: Pic and Email saved
H58: 125 | I58: 7 | J58: Lewis Quinn-Bower attended The Piggott School's Activities Day on Thursday 17th October 2019. | K58: =I58*H58 -> 875 | N58: AF | O58: Feedback form saved
J59: Subby Littlewood Bexhill Job and Careers Fair | K59: Emailed for numbers
F60: 156 | G60: 1042 | H60: 1042 | I60: 2 | J60: Aaron Wray and Ethan Stevens took part in Apprentice Live Broadcast for National Apprenticeship Week on 6th March 2019. | K60: =I60*H60 -> 2084 | L60: 25.06.19 | M60: Jasvir Sandhu | N60: EG | O60: Spreadsheet aved as evidence
G61: 20 | H61: 20 | I61: 4 | J61: Piggott School's interview workshop 18.07.18 (Sam Hodges attended) | K61: =I61*H61 -> 80 | N61: EG | O61: Feedback form saved
B62: 24 | C62: 3 | D62: Adult Employment Opportunities (19+)
C63: 3.1 | D63: Number of opportunities created | E63: No of Individuals | F63: =SUM(F64:F106) -> 24 | G63: =SUM(G64:G106) -> 37 | H63: =SUM(H64:H106) -> 38 | I63: Weeks
B64: Unless otherwise agreed an adult opportunity is counted as an individual in employment for minimum of 13weeks, although shorter durations should be captured but not reported in column G. Jobs can be permanent, temporary, full time, part time and or agency contracts that meet the minimum criteria. Opportunities for ex-offenders, armed forces leavers and volunteers can contribute to wider performance indicators. NOTE/ 1 week is equal to 5 days. | E64: Choose employment history | F64: 5 | G64: 1 | H64: 1 | I64: 13+ | J64: Susanne Penfold is employed as a Document Controller as a direct result of this project. She joined BB on 27th March 2017 and has completed 13+ weeks employment on the project. | N64: ECI | O64: HR Letter and Timesheet saved.
E65: Choose employment history | G65: 1 | H65: 1 | I65: 13+ | J65: Matt Parkes joined BB on 12th Nov 2018 as a project manager for ACRR as a direct result of this project and has completed 13+ weeks employment on the project. | K65: Still works for us. 3 contacts emailed 26.09.22. One responded 26.09.22. Sent teams chat 28.09.22 On holiday - will send next week chased 05.10.22 | L65: 10.10.22 | N65: ECI | O65: HR Letter and Timesheet saved.
G66: 1 | H66: 1 | I66: 13+ | J66: Guy Yapobi-Attie is employed as a Section Engineer as a direct result of this project. He joined BB on 15th April 2019 and has completed 13+ weeks employment on the project. | K66: Still works for us. Email sent 26.09.22. chased on Teams 28.09.22 | L66: received 28.09.21 | N66: ECI | O66: HR Letter and Timesheet saved.
G67: 1 | H67: 1 | I67: 13+ | J67: Tom Baron joined Balfour Beatty on 06-05-20 as an Agent as a direct result of this project and has completed 13+ weeks employment on the project. NEED TIMESHEET AT 13 WEEKS SO August 2020. | K67: Still works for us. Email sent 26.09.22. Replied and I have requested timesheets. Chased again 29.09.22. Chased again 05.10.22 | L67: received 05.10.22 | O67: HR Letter Saved. NEED TIMESHEET IN AUGUST 2020
G68: 1 | H68: 1 | I68: 13+ | J68: Greig Storer is employed as a Planner as a direct result of this project. He joined BB on 09 April 2018 and completed 13+ weeks employment on this project. | K68: Still works for us. Email sent 26.09.22. Chased on Teams 28.09 22 Chased again 05.10.22 | L68: received 05.10.22 | N68: ECI | O68: HR Letter saved.
G69: 1 | H69: 1 | I69: 13+ | J69: Sabu Kalathil is employed as a Senior Planner as a direct result of this project. He joined BB on 04.09.2019 and has completed 13+ weeks employment on the project. | N69: ECI | O69: Timesheet Saved.
G70: 1 | H70: 1 | I70: 13+ | J70: Dean King is employed as a Senior Quantity Surveyor as a direct result of this project. He joined BB on 1st July 2019 and has completed 13+ weeks employment on the project. | L70: received 27.09.22 | N70: ECI | O70: Timesheet Saved.
E71: Choose employment history | F71: 4 | G71: 1 | H71: 1 | I71: 13+ | J71: Tenniel Souter is employed as Quality Manager as a direct result of this project. He joined BB on Tuesday 2nd January 2018 and has completed 13+ weeks employment on the project. | N71: ACRR | O71: HR Letter and Timesheet saved.
E72: Choose employment history | G72: 1 | H72: 1 | I72: 13+ | J72: Rachel McCanna joined Balfour Beatty on 11th March 2019 as an Administrator as a direct result of this project and has completed 13+ weeks employment on the project. | L72: received 27.09.22 | N72: ACRR | O72: HR Letter and Timesheet saved.
G73: 1 | H73: 1 | J73: Beatriz Lopez joined Balfour Beatty on 4th June 2019 as a Project Manager as a direct result of this project and has completed 13+ weeks employment on the project. | K73: Can't find on system so no longer works for us - trying ES. | L73: Found spreadsheet of timesheets 03.10.22 | N73: ACRR | O73: HR Letter and timesheet Saved.
G74: 2 | H74: 2 | I74: 13+ | J74: Lynch Plant employed 2 new starts (Phil Jones & James Reano) from homeless Charity Crisis to work on the Wokingham project as Dumper Machine Drivers. They started employment on 20th Jan 2020 and have completed 13+ weeks employment on the project as a direct result of this scheme. AWAITING EVIDENCE ON LETTER HEADED PAPER. NEED TIMESHEETS W/C 27TH APR 2020. | K74: received 26.09.22 | L74: received 26.09.22 | N74: ACRR | O74: NEED HR LETTER FROM LYNCH AND TIMESHEETS AT 13+ WEEKS.
G75: 1 | H75: 1 | I75: 13+ | J75: Dave McClure joined Balfour Beatty on 06-01-20 as a Foreman as a direct result of this project and has completed 13+ weeks employment on the project. | K75: received 26.09.22 | L75: received 26.09.22 | N75: ACRR | O75: timesheet
J76: Lee Parnell joined Balfour Beatty on 06-01-20 as an Assistant Site Manager as a direct result of this project and has completed 13+ weeks employment on the project. | K76: Can't find on system so no longer works for us - trying ES | N76: ACRR | O76: HR letter saved.
G77: 1 | H77: 1 | I77: 13+ | J77: Paul Griffin joined Balfour Beatty on 10th July 2019 as Site Agent as a direct result of this project and has completed 13+ weeks employment on the project. | N77: ACRR | O77: Timesheet Saved.
E78: Choose employment history | F78: 1 | G78: 1 | H78: 1 | I78: 13+ | J78: Gillian Roberts is employed as a Senior Quantity Surveryor as a direct result of this project. She joined BB on 10th July 2017 and has completed 13+ weeks employment on the project. | N78: BB | O78: Letter and timesheet saved.
G79: 1 | H79: 1 | J79: Avi Vernekar is employed as a Site Engineer as a direct result of this project. He joined BB on DD June 2020 and has completed 13+ weeks employment on the project. Emailed HR. Need Timesheet after 13 weeks. | K79: Can't find on system so no longer works for us - trying ES. Found evidence of staff attendance during lockdown Jan 21 | N79: BB | O79: NEED HR LETTER FROM BB AND TIMESHEETS AT 13+ WEEKS.
E80: Choose employment history | F80: 1 | G80: 1 | H80: 1 | I80: 13+ | J80: Mihai Gheorghiu is employed as a Design Manager as a direct result of this project. He joined BB on 11th June 2018 and has completed 13+ weeks employment on this project. | N80: LEWD | O80: letter and timesheet saved.
E81: Choose employment history | F81: 1 | J81: Billy Chitatuang is employed as an Assisant QS as a direct result of this project. He joined BB on 17th September 2018 and has completed 13+ plus weeks employment on this project. | K81: Can't find on system so no longer works for us - trying ES | N81: WRR PH2 | O81: HR letter and timesheet saved.
E82: Choose employment history | F82: 3 | G82: 1 | H82: 1 | J82: Olga Nikolajeva is employed by Balfour Beatty as an Assistant Quantity Surveyor as a direct result of this project. She joined on 29th October 2018 and has completed 13+ weeks employment on this project. | K82: Received 28.09.22 | N82: SR & WG PH1 | O82: HR letter and timesheet saved.
E83: Choose employment history | G83: 1 | H83: 1 | J83: Paul Martins is employed by Balfour Beatty as Utlities Manager as a direct result of this project. He joined on 18th February 2019 has completed 13+ weeks employment on this project. | K83: Can't find on system so no longer works for us - trying ES. Found spreadsheet of timesheets 03.10.22 | N83: SR & WG PH1 | O83: HR Letter saved.
G84: 1 | H84: 1 | J84: Ivan Hoh is employed as a sub-agent as a direct result of this project. He joined BB on 10th September 2018 and has completed 13+ plus weeks employment on this project. | K84: Can't find on system so no longer works for us - trying ES. Found spreadsheet of timesheets 03.10.23 | N84: SR & WG PH1 | O84: HR letter and timesheet saved.
E85: Choose employment history | F85: 2 | G85: 1 | H85: 1 | I85: 13+ | J85: Andrew Keen is employed as a Quantity Surveyor as a direct result of this project. He joined BB on 5th March 2018 and has completed nn+ weeks on the project. | K85: 11th Jan 19 - BM advised there will be admin staff taken on for each scheme from 14th Jan 2019 - FYI | N85: WG PH2 | O85: HR letter and timesheet saved.
G86: 1 | H86: 1 | J86: Andrew Poiner joined Balfour Beatty on 14-10-2019 as a Foreman as a direct result of this project and has completed 13+ weeks employment on the project. | K86: Can't find on system so no longer works for us - trying ES. Found evidence of staff attendance during lockdown Jan 21 | N86: WG PH2 | O86: HR Letter Saved
G87: 1 | H87: 1 | J87: Jeya Thanapalasingam joined Balfour Beatty on 04-11-2019 as an Engineer as a direct result of this project and has completed 13+ weeks employment on the project. | K87: Can't find on system so no longer works for us - trying ES. Found evidence of staff attendance during lockdown Jan 21 | N87: WG PH2 | O87: HR Letter Saved.
E88: Choose employment history | J88: Gillian Wright is employed by Balfour Beatty as a Quantity Surveyor as a direct result of this project. She joined on 5th November 2018 and completed 11 weeks employment on this project. | K88: Can't find on system so no longer works for us - trying ES | N88: WG PH2 | O88: HR letter and timesheet saved.
E89: Choose employment history | F89: 2 | G89: 1 | H89: 1 | J89: Konstantinos Kalomalos is employed by Balfour Beatty as a Site Engineer as a direct result of this project. He joined on 29th April 2019 and completed 13+ weeks employment on this project. | K89: Can't find on system so no longer works for us - trying ES. Found evidence of staff attendance during lockdown Jan 21 | N89: WOOFR | O89: HR letter and timesheet saved.
G90: 1 | H90: 1 | J90: Dylan Hawthorne joined Balfour Beatty on 28-10-19 as a Supervisor as a direct result of this project and has completed 13+ weeks employment on the project. | K90: Can't find on system so no longer works for us - trying ES. Found spreadsheet of timesheets 03.10.23 | N90: WOOFR | O90: HR Letter Saved
G91: 1 | H91: 1 | J91: Sherkhan Gul joined Balfour Beatty on 14-10-19 as an Engineer as a direct result of this project and has completed 13+ weeks employment on the project. | K91: Can't find on system so no longer works for us - trying ES. Found evidence of staff attendance during lockdown Jan 21 | N91: WOOFR | O91: HR Letter Saved.
E92: Choose employment history | J92: Jonothan Relph joined Balfour Beatty on 11th March 2019 as an Works Manager as a direct result of this project and has completed 13+ weeks employment on the project. | K92: Can't find on system so no longer works for us - trying ES | N92: WOOFR | O92: HR letter and timesheet saved.
E93: Choose employment history | F93: 1 | G93: 1 | H93: 1 | J93: Gosia Barclay is employed as a Design Manager as a direct Result of this project. She joined BB on 5th June 2017 and has completed 13+ weeks employment on the project. | K93: Can't find on system so no longer works for us - trying ES. Found evidence of staff attendance during lockdown Jan 21 | N93: AF | O93: Probation letter and timesheer saved.
E94: Choose employment history | F94: 4 | G94: 1 | H94: 1 | I94: 13+ | J94: Melissa Hadland is employed by Balfour Beatty as a Administrator as a direct result of this project. She joined on 29th April 2019 and completed 13+ weeks employment on this project. | K94: received 28.09.22 | N94: EG | O94: timesheet saved.
E95: Choose employment history | H95: 1 | J95: Dhiren Katwa is employed by Balfour Beatty as a Stakeholder Manager as a direct result of this project. He joined BB on 25th Feb 2019 and has completed 13+ weeks employment on the project. | K95: Still works for us. Email sent 26.09.23. chased 28.09.22 | N95: EG | O95: HR letter and timesheet saved.
J96: Kashif Khan joined Balfour Beatty from 10th June 2019 to 23rd Sept 2019 as a Quantity Surveyor as a direct result of this project. | K96: Can't find on system so no longer works for us - trying ES | N96: EG | O96: HR letter and email saved
G97: 1 | H97: 1 | J97: Tom Hill joined Balfour Beatty on 28-10-19 as a General Works Foreman as a direct result of this project and has completed 13+ weeks employment on the project. | K97: Can't find on system so no longer works for us - trying ES. Found evidence of staff attendance during lockdown Jan 21 | N97: EG | O97: HR Letter Saved.
J98: Hameed Sacranie joined Balfour Beatty on 10-02-20 as a General Works Foreman as a direct result of this project and has completed 13+ weeks employment on the project. | K98: Can't find on system so no longer works for us - trying ES | N98: EG | O98: HR Letter Saved
G99: 1 | H99: 1 | J99: Lee Warrington - subby Chevron | K99: Asked for 13 week confirmation | L99: 13.10.22
G100: 1 | H100: 1 | J100: Daniel Channing- subby Chevron | K100: Asked for 13 week confirmation | L100: 13.10.22
G101: 1 | H101: 1 | J101: Stephen Newns- subby Chevron | K101: Asked for 13 week confirmation | L101: 13.10.22
...

Sheet ESP Project Tracker
D1: , | E1: Scape Civil Engineering and Infrastructure Framework
E2: Employment and Skills Plan
E3: Project Tracker
D5: Project Name | F5: Wokingham Major Highways | G5: Project Start Date | K5: 43493 | M5: Evidence of all activities is required for the final evidence file.
D6: Project ESP Co-ordinator | F6: Jas Sandhu | G6: Project End Date | K6: 45044 | M6: Photographs from all events should be shared at the earliest opportunity for PR purposes with the Balfour Beatty evdience team, Comms and the client/Scape if applicable.
D7: Delivery Unit | F7: SBU | G7: Project Category | K7: F: £40m+
D8: Regional Support | F8: Emma Eves | G8: Date issued | K8: 44070 | M8: All achievements should be tracked and recorded even those that do not achieve the overall criteria as it will all count towards any Social Value analysis on completion.
D9: Project to be reviewed on a monthly basis and reported to your Regional ESP Champion | G9: =VLOOKUP(Y590, R577:AN584, 2, FALSE) -> If target is to be defined please agree the target with your ESP Co-ordinator and Client and enter below. If a target is not set please set target as "0" and measure any achievements
D10: Insert rows for individual targets as required (See Example)
E11: Employment and Skills Areas | F11: Measured by | G11: Scape Project Target | H11: Target Delivery Breakdown | I11: Achieved to Date | J11: Duration | K11: Summary of Activities to Date | L11: Plan to Achieve ESP Target | M11: Close Out Date | N11: Person Responsible for Delivery | O11: Project Name Target Was Completed On | P11: Evidence Provided
D12: 1 | E12: Work Experience
B13: U16 work experience must be at least 1 week in duration and does not have to completed all at once. Work placements can be hosted on-site (office based), with suppliers, designers, clients or in BB local offices if available. | D13: 1.1 | E13: Work experience under 16 years | F13: No of Individuals | G13: =SUM(G14:G31) -> 6 | H13: =SUM(H14:H31) -> 11 | I13: =SUM(I14:I31) -> 11 | J13: Days
C14: ECI | G14: 1 | H14: 1 | I14: 1 | J14: 5 | K14: Kieran O’Brien from Foundry College completed 5 days WE on 11th Feb - 15th Feb 2019. | O14: ECI | P14: Diary and Pic Saved
C15: ACRR | G15: 1 | H15: 1 | I15: 1 | J15: 5 | K15: Alfie Butler-Mcleod from Foundry College completed 5 days WE on ACRR 11th Feb - 15th Feb 2019. | O15: ACRR | P15: Diary and Pic Saved
C16: BB | G16: 0 | O16: BB
O17: BB
C18: LEWD | G18: 0 | O18: LEWD
O19: LEWD
C20: WRR PH2 | G20: 0 | O20: WRR PH2
O21: WRR PH2
C22: SR & WG PH1 | G22: 1 | H22: 6 | I22: 6 | J22: 30 | K22: Adnan Abdulhusein mentored 6 students through Scape's Learning in Lockdown Virtual Work Experience Week 18th - 22nd May 2020. (30 days 6 weeks) | O22: SR & WG PH1 | P22: Email from EE Saved
O23: SR & WG PH1
C24: WG PH2 | G24: 1 | H24: 1 | I24: 1 | J24: 5 | K24: Vijaya Singh from The Holt School joined the team from 17th - 21st June 2019. | M24: 10.07.19 | N24: Matt Parkes | O24: WG PH2 | P24: Diary saved
O25: WG PH2
C26: WOOFR | G26: 1 | H26: 1 | I26: 1 | J26: 5 | K26: Wiktoria Popielska from Bulmershe School joined the team from 4th - 8th March 2019 | O26: WOOFR | P26: Feedback form and pics saved
O27: WOOFR
C28: AF | G28: 0 | O28: AF
O29: AF
C30: EG | G30: 1 | H30: 1 | I30: 1 | J30: 5 | K30: Mauve Webley from The Holt School joined the team from 17th - 21st June 2019. | M30: 24.06.19 | N30: Chris Hall | O30: EG | P30: Feedback form and pic saved
O31: EG
D32: 1.2 | E32: Work experience over 16 years | F32: No of Individuals | G32: =SUM(G33:G52) -> 15 | H32: =SUM(H33:H52) -> 3.5 | I32: =SUM(I33:I52) -> 3 | J32: Days
B33: Over 16 work experience must be for a minimum duration of 2weeks, but does not have to be completed all at once. Placements can be for Colleges, Universities or Adults seeking work. Work experience for adults not in employment, ex-offenders, armed forces leavers or volunteers can also contribute to wider performance indicators. Again any company working on the project can assist with hosting placements. | C33: ECI | F33: Choose employment history | G33: 2 | H33: 0.5 | I33: 0.5 | J33: 4 | K33: Alexandria Bramley from The Piggott School joined us for 4 days from Monday 30th July to Thursday 2nd August 2018. | L33: Dawn Hoskins from Bracknell and Wokingham College has a student named Samuel Curry who will be joining the team WE 1st-5th April 2019. CHRIS DECLINED | O33: ECI | P33: Photo, Diary saved
F34: Choose employment history | H34: 0.5 | I34: 0.5 | J34: 5 | K34: Olivia Bray from Willink School sent by subby joined the team on 22nd July - 26th July 2019. | L34: Dawn Hoskins from Bracknell and Wokingham College has a student named Muhumd Sahto who will be joining the team WE 1st-5th April 2019. CHRIS DECLINED | M34: 06.08.19 | N34: Jasvir Sandhu | O34: ECI | P34: Diary saved
C35: ACRR | F35: Choose employment history | G35: 2 | H35: 0.5 | I35: 0.5 | J35: 5 | K35: Nathan Gourley from Edgebarrow School joined the team on 18th Feb - 22nd Feb 2019. | L35: WBC have sent Emma Gray, Sixth Form student who wants WE during ACRR Archaeological works. Awaiting contact details for Emma. | O35: ACRR | P35: Diary saved
F36: Choose employment history | O36: ACRR
C37: BB | F37: Choose employment history | G37: 1 | L37: Sian have completed 1.2 - they will send me evidence | O37: BB
F38: Choose employment history | O38: BB
C39: LEWD | F39: Choose employment history | G39: 2 | H39: 0.5 | I39: 0.5 | J39: 5 | K39: Henry Woods from Edgbarrow School joined the team on 8th April - 12th April 2019. | M39: 15.04.19 | N39: Jasvir Sandhu | O39: LEWD | P39: Photo, Diary saved
F40: Choose employment history | H40: 0.5 | I40: 0.5 | J40: 4 | K40: Joley Mercer Gray from The Piggott School joined us for 4 days from Tuesday 29th May 2018 to Friday 1st June 2018. | O40: LEWD | P40: Photo, Diary saved
C41: WRR PH2 | F41: Choose employment history | G41: 1 | O41: WRR PH2
F42: Choose employment history | O42: WRR PH2
C43: SR & WG PH1 | F43: Choose employment history | G43: 1 | O43: SR & WG PH1
F44: Choose employment history | O44: SR & WG PH1
C45: WG PH2 | F45: Choose employment history | G45: 2 | O45: WG PH2
F46: Choose employment history | O46: WG PH2
C47: WOOFR | F47: Choose employment history | G47: 1 | O47: WOOFR
F48: Choose employment history | O48: WOOFR
C49: AF | F49: Choose employment history | G49: 1 | O49: AF
F50: Choose employment history | O50: AF
C51: EG | F51: Choose employment history | G51: 2 | H51: 0.5 | J51: 5 | K51: Elliot Workman from The Bulmershe School due to join the team for 5 days from w/c 27th April 2020 ON HOLD DUE TO COVID-19 | O51: EG
F52: Choose employment history | H52: 0.5 | I52: 0.5 | J52: 5 | K52: Alex Clee joined for work experience Monday 25th to Friday 29th October | O52: EG | P52: Photo and work placement form saved
D53: 2 | E53: Engagement with schools/colleges
D54: 2.1 | E54: School college visits | F54: No of pupils | G54: =SUM(G55:G74) -> 1000 | H54: =SUM(H55:H74) -> 7189 | I54: =SUM(I55:I74) -> 7189 | J54: Hours
B55: Educational visits can be site visits, visits to schools, colleges or universities, online engagement and or engagement with organisations such as Scouts and Guides. Each engagement should be captured separately and the time spent at the event (including planning and travel captured). | C55: ECI | G55: 100 | H55: 70 | I55: 70 | J55: 4 | K55: Tom Rice attended the Job Safari Adventure held at Addington School on Thursday 22nd February 2018. | L55: Sian - Georgia - contacted schools, construtction schools, care homes TBC | O55: ECI | P55: Feedback form saved
H56: 414 | I56: 414 | J56: 4 | K56: Eddie Tapper attended Aspirations Day at Chestnuts Primary School in Milton Keynes where he represented Balfour Beatty on Monday 18th June 2018. | O56: ECI | P56: Feedback form recevied.
C57: ACRR | G57: 100 | H57: 210 | I57: 210 | J57: 2 | K57: Tuesday 26th June 2018 210 students from St Sebastian s CE Primary school, Wokingham joined the Construction LIVE Learn Live event. | L57: =J57*I57 -> 420 | O57: ACRR | P57: Learn Live Email saved.
H58: 1000 | I58: 1000 | J58: 6 | K58: James Harrison and Emma Gilchrist attended a Careers Fair on 4th July 2018. | L58: =J58*I58 -> 6000 | O58: ACRR | P58: Feedback form saved
C59: BB | G59: 99 | H59: 45 | I59: 45 | J59: 3 | K59: Jaime MacCombe - Subcontractor Tony Gee - Year 10 Careers Morning: ‘A Day in the Life of…’ engaged with 45 children on 16th July 2018 at St John the Baptist School. | O59: BB | P59: Letter and email saved.
H60: 800 | I60: 800 | J60: 17 | K60: Sam Hodges - WC 22nd Oct 2018 - Went to the science museum for an event. We interacted with approximately 800 children and their adults. | O60: BB | P60: Feedback form and pics saved
C61: LEWD | G61: 45 | H61: 1400 | I61: 1400 | J61: 7.5 | K61: Dan Powell and Conor Osbourne attended The Holt School's Career's Fair on 19th October 2018 from 9.00am until 4.30pm. | L61: =J61*I61 -> 10500 | O61: LEWD | P61: Feedback from saved
O62: LEWD
C63: WRR PH2 | G63: 100 | H63: 240 | I63: 240 | J63: 2 | K63: Aaron and Jack presented a careers talk at Edgbarrows School on Tuesday 13th November 2018. | L63: =J63*I63 -> 480 | O63: WRR PH2 | P63: Feedback form and pics saved
H64: 210 | I64: 210 | J64: 8 | K64: Aaron and Jack to present at an all day Year 9 Careers Event at Edgbarrows School on Friday 15th November 2019. | L64: =J64*I64 -> 1680 | M64: 18.11.19 | N64: Jasvir Sandhu | O64: WRR PH2 | P64: Feedback form saved
C65: SR & WG PH1 | G65: 100 | H65: 320 | I65: 320 | J65: 7 | K65: Oakbank School - Careers Fair on 9th Jan 2018. Aaron and Ethan attended. Year 9, Year 10 and Year 11 students | L65: =J65*I65 -> 2240 | O65: SR & WG PH1 | P65: Feedback form saved
H66: 62 | I66: 62 | J66: 11 | K66: 3rd March 2020 - Construction Live 5 - St Sebastian\'s CE Primary school, Embrook School, watched the Live Broadcast on Careers in Construction. | L66: =J66*I66 -> 682 | M66: 09.06.20 | N66: Jasvir Sandhu | O66: SR & WG PH1 | P66: Spreadsheet aved as evidence
C67: WG PH2 | G67: 100 | H67: 500 | I67: 500 | J67: 4 | K67: Jack and Hilton attended the Reading College Career's Fair on Wednesday 22nd November 2019 | L67: =J67*I67 -> 2000 | O67: WG PH2 | P67: Feedback form saved
O68: WG PH2
C69: WOOFR | G69: 100 | H69: 206 | I69: 206 | J69: 2 | K69: The Holt School - Gosia presented a session on careers in BB on International Womens Day on 8th March 2019. | L69: =J69*I69 -> 412 | O69: WOOFR | P69: Feedback form and pic saved
H70: 425 | I70: 425 | J70: 4 | K70: Edgbarrows School - Careers Convention 5th March 2020 - Aaron and Ethan attended. | L70: =J70*I70 -> 1700 | M70: 09.03.20 | O70: WOOFR | P70: Feedback form and pic saved
C71: AF | G71: 100 | H71: 100 | I71: 100 | J71: 8 | K71: Ethan and Aaron helped out at the National Apprenticeship Show for Balfour Beatty 5th March 2019 for the day. | L71: =J71*I71 -> 800 | O71: AF | P71: Pic and Email saved
H72: 125 | I72: 125 | J72: 7 | K72: Lewis Quinn-Bower attended The Piggott School's Activities Day on Thursday 17th October 2019. | L72: =J72*I72 -> 875 | O72: AF | P72: Feedback form saved
C73: EG | G73: 156 | H73: 1042 | I73: 1042 | J73: 2 | K73: Aaron Wray and Ethan Stevens took part in Apprentice Live Broadcast for National Apprenticeship Week on 7th March 2019. | L73: =J73*I73 -> 2084 | M73: 25.06.19 | N73: Jasvir Sandhu | O73: EG | P73: Spreadsheet aved as evidence
H74: 20 | I74: 20 | J74: 4 | K74: Sam Hodges attended Piggott School's interview workshop on 18th July 2018. | L74: =J74*I74 -> 80 | O74: EG | P74: Feedback form saved
D75: 3 | E75: Adult Employment Opportunities (19+)
D76: 3.1 | E76: Number of opportunities created | F76: No of Individuals | G76: =SUM(G77:G112) -> 24 | H76: =SUM(H77:H112) -> 37 | I76: =SUM(I77:I112) -> 33 | J76: Weeks
B77: Unless otherwise agreed an adult opportunity is counted as an individual in employment for minimum of 13weeks, although shorter durations should be captured but not reported in column G. Jobs can be permanent, temporary, full time, part time and or agency contracts that meet the minimum criteria. Opportunities for ex-offenders, armed forces leavers and volunteers can contribute to wider performance indicators. NOTE/ 1 week is equal to 5 days. | C77: ECI | F77: Choose employment history | G77: 5 | H77: 1 | I77: 1 | K77: Susanne Penfold is employed as a Document Controller as a direct result of this project. She joined BB on 27th March 2017 and has completed 13+ weeks employment on the project. | O77: ECI | P77: HR Letter and Timesheet saved.
F78: Choose employment history | H78: 1 | I78: 1 | J78: 23 | K78: Matt Parkes joined BB on 12th Nov 2018 as a project manager for ACRR as a direct result of this project and has completed 13+ weeks employment on the project. | O78: ECI | P78: HR Letter and Timesheet saved.
H79: 1 | I79: 1 | K79: Guy Yapobi-Attie is employed as a Section Engineer as a direct result of this project. He joined BB on 15th April 2019 and has completed 13+ weeks employment on the project. | O79: ECI | P79: HR Letter and Timesheet saved.
H80: 1 | K80: Tom Baron joined Balfour Beatty on 06-05-20 as an Agent as a direct result of this project and has completed 13+ weeks employment on the project. NEED TIMESHEET AT 13 WEEKS SO August 2020. | P80: HR Letter Saved. NEED TIMESHEET IN AUGUST 2020
H81: 1 | I81: 1 | K81: Greig Storer is employed as a Planner as a direct result of this project. He joined BB on 09 April 2018 and completed 13+ weeks employment on this project. | O81: ECI | P81: HR Letter saved.
H82: 1 | I82: 1 | J82: 26 | K82: Sabu Kalathil is employed as a Senior Planner as a direct result of this project. He joined BB on 04.09.2019 and has completed 13+ weeks employment on the project. | O82: ECI | P82: HR Letter and Timesheet Saved.
H83: 1 | I83: 1 | J83: 35 | K83: Dean King is employed as a Senior Quantity Surveyor as a direct result of this project. He joined BB on 1st July 2019 and has completed 13+ weeks employment on the project. | O83: ECI | P83: HR Letter and Timesheet Saved.
C84: ACRR | F84: Choose employment history | G84: 4 | H84: 1 | I84: 1 | K84: Tenniel Souter is employed as Quality Manager as a direct result of this project. He joined BB on Tuesday 2nd January 2018 and has completed 13+ weeks employment on the project. | O84: ACRR | P84: HR Letter and Timesheet saved.
F85: Choose employment history | H85: 1 | I85: 1 | K85: Rachel McCanna joined Balfour Beatty on 11th March 2019 as an Administrator as a direct result of this project and has completed 13+ weeks employment on the project. | O85: ACRR | P85: HR Letter and Timesheet saved.
H86: 1 | I86: 1 | K86: Beatriz Lopez joined Balfour Beatty on 4th June 2019 as a Project Manager as a direct result of this project and has completed 13+ weeks employment on the project. | O86: ACRR | P86: HR Letter and timesheet Saved.
H87: 2 | K87: Lynch Plant employed 2 new starts (Phil Jones & James Reano) from homeless Charity Crisis to work on the Wokingham project as Dumper Machine Drivers. They started employment on 20th Jan 2020 and have completed 13+ weeks employment on the project as a direct result of this scheme. AWAITING EVIDENCE ON LETTER HEADED PAPER. NEED TIMESHEETS W/C 27TH APR 2020. | O87: ACRR | P87: NEED HR LETTER FROM LYNCH AND TIMESHEETS AT 13+ WEEKS.
H88: 1 | I88: 1 | J88: 22 | K88: Dave McClure joined Balfour Beatty on 06-01-20 as a Foreman as a direct result of this project and has completed 13+ weeks employment on the project. | O88: ACRR | P88: HR letter saved.
H89: 1 | I89: 1 | J89: 21 | K89: Lee Parnell joined Balfour Beatty on 06-01-20 as an Assistant Site Manager as a direct result of this project and has completed 13+ weeks employment on the project. | O89: ACRR | P89: HR letter saved.
H90: 1 | I90: 1 | J90: 37 | K90: Paul Griffin joined Balfour Beatty on 10th July 2019 as Site Agent as a direct result of this project and has completed 13+ weeks employment on the project. | O90: ACRR | P90: HR Letter and Timesheet Saved.
C91: BB | F91: Choose employment history | G91: 1 | H91: 1 | I91: 1 | K91: Gillian Roberts is employed as a Senior Quantity Surveryor as a direct result of this project. She joined BB on 10th July 2017 and has completed 13+ weeks employment on the project. | O91: BB | P91: Letter and timesheet saved.
H92: 1 | K92: Avi Vernekar is employed as a Site Engineer as a direct result of this project. He joined BB on DD June 2020 and has completed 13+ weeks employment on the project. Emailed HR. Need Timesheet after 13 weeks. | O92: BB | P92: NEED HR LETTER FROM BB AND TIMESHEETS AT 13+ WEEKS.
C93: LEWD | F93: Choose employment history | G93: 1 | H93: 1 | I93: 1 | K93: Mihai Gheorghiu is employed as a Design Manager as a direct result of this project. He joined BB on 11th June 2018 and has completed 13+ weeks employment on this project. | O93: LEWD | P93: letter and timesheet saved.
C94: WRR PH2 | F94: Choose employment history | G94: 1 | H94: 1 | I94: 1 | J94: 28 | K94: Billy Chitatuang is employed as an Assisant QS as a direct result of this project. He joined BB on 17th September 2018 and has completed 13+ plus weeks employment on this project. | O94: WRR PH2 | P94: HR letter and timesheet saved.
C95: SR & WG PH1 | F95: Choose employment history | G95: 3 | H95: 1 | I95: 1 | J95: 21 | K95: Olga Nikolajeva is employed by Balfour Beatty as an Assistant Quantity Surveyor as a direct result of this project. She joined on 29th October 2018 and has completed 13+ weeks employment on this project. | L95: Jas - contacted Tony Gee (Designers for ESP evidence) | O95: SR & WG PH1 | P95: HR letter and timesheet saved.
F96: Choose employment history | H96: 1 | I96: 1 | J96: 13 | K96: Paul Martins is employed by Balfour Beatty as Utlities Manager as a direct result of this project. He joined on 18th February 2019 has completed 13+ weeks employment on this project. | L96: 9th Nov 2018 - CH advised there will be 14 new starts in 2019 - FYI | O96: SR & WG PH1 | P96: HR Letter saved.
H97: 1 | I97: 1 | K97: Ivan Hoh is employed as a sub-agent as a direct result of this project. He joined BB on 10th September 2018 and has completed 13+ plus weeks employment on this project. | O97: SR & WG PH1 | P97: HR letter and timesheet saved.
C98: WG PH2 | F98: Choose employment history | G98: 2 | H98: 1 | I98: 1 | K98: Andrew Keen is employed as a Quantity Surveyor as a direct result of this project. He joined BB on 5th March 2018 and has completed nn+ weeks on the project. | L98: 11th Jan 19 - BM advised there will be admin staff taken on for each scheme from 14th Jan 2019 - FYI | O98: WG PH2 | P98: HR letter and timesheet saved.
H99: 1 | I99: 1 | J99: 32 | K99: Andrew Poiner joined Balfour Beatty on 14-10-2019 as a Foreman as a direct result of this project and has completed 13+ weeks employment on the project. | L99: Sian - will find out if they have any local W people employed | O99: WG PH2 | P99: HR Letter Saved
H100: 1 | I100: 1 | J100: 29 | K100: Jeya Thanapalasingam joined Balfour Beatty on 04-11-2019 as an Engineer as a direct result of this project and has completed 13+ weeks employment on the project. | O100: WG PH2 | P100: HR Letter Saved.
F101: Choose employment history | H101: 1 | I101: 1 | J101: 11 | K101: Gillian Wright is employed by Balfour Beatty as a Quantity Surveyor as a direct result of this project. She joined on 5th November 2018 and completed 11 weeks employment on this project. | O101: WG PH2 | P101: HR letter and timesheet saved.
...

Sheet ESP dashboard
E1: Wokingham Major Highways - ESP and Social Value Dashboard
AT3: Month Reported: July 2020
A5: 1. Work Experience | P5: 2. Engagement with Schools/Colleges | AE5: 3. Adult Employment Opportunities' (19+) | AT5: 4. Trainees, Apprentices, Internships or Graduates (including apprentice training agency placements)
A7: 1.1 Under 16 - 5 Days | AE7: 3.1 Number of Opportunities' Created (employment must be 13+ weeks) | AT7: 4.1 Number of starts or completions
Q9: Overall target (hours) | Z9: ='ESP Project Tracker'!G54 -> 1000
B10: Overall Target (Students) | K10: ='ESP Project Tracker'!G13 -> 6 | AF10: Overall Target | AO10: ='ESP Project Tracker'!G76 -> 24 | AU10: Overall Target | BB10: ='ESP Project Tracker'!G151 -> 14 | BJ10: Achieved to Date | BQ10: 14
AF13: Achieved to Date | AO13: ='ESP Project Tracker'!I76 -> 33
Q14: Achieved to Date (hours) | Z14: ='ESP Project Tracker'!I54 -> 7189
B15: Achieved To Date | K15: ='ESP Project Tracker'!I13 -> 11 | BC15: Outstanding | BJ15: =BB10-BQ10 -> 0
AF16: Total Outstanding | AO16: =AO10-AO13 -> -9
AF19: Project | AI19: Project Target | AL19: Achieved to Date | AO19: Outstanding
B20: Total Outstanding | K20: =K10-K15 -> -5 | AF20: ECI | AI20: 5 | AL20: ='ESP Project Tracker'!I77+'ESP Project Tracker'!I78+'ESP Project Tracker'!I79+'ESP Project Tracker'!I81+'ESP Project Tracker'!I83 -> 5 | AO20: =AI20-AL20 -> 0
AF21: ACRR | AI21: 4 | AL21: ='ESP Project Tracker'!I84+'ESP Project Tracker'!I85+'ESP Project Tracker'!I86+'ESP Project Tracker'!I90 -> 4 | AO21: =AI21-AL21 -> 0
AF22: BB | AI22: 1 | AL22: ='ESP Project Tracker'!I91 -> 1 | AO22: =AI22-AL22 -> 0
AF23: LEWD | AI23: 1 | AL23: ='ESP Project Tracker'!I93 -> 1 | AO23: =AI23-AL23 -> 0
AF24: WRR | AI24: 1 | AL24: ='ESP Project Tracker'!I94 -> 1 | AO24: =AI24-AL24 -> 0
B25: Student Picture | H25: Student Quote | AF25: SR & WG PH1 | AI25: 3 | AL25: ='ESP Project Tracker'!I95+'ESP Project Tracker'!I96+'ESP Project Tracker'!I97 -> 3 | AO25: =AI25-AL25 -> 0
AF26: WG PH2 | AI26: 2 | AL26: ='ESP Project Tracker'!I98+'ESP Project Tracker'!I101 -> 2 | AO26: =AI26-AL26 -> 0
AF27: WOOFR | AI27: 2 | AL27: ='ESP Project Tracker'!I102+'ESP Project Tracker'!I105 -> 2 | AO27: =AI27-AL27 -> 0
AF28: AF | AI28: 1 | AL28: ='ESP Project Tracker'!I106 -> 1 | AO28: =AI28-AL28 -> 0
AF29: EG | AI29: 4 | AL29: ='ESP Project Tracker'!I107+'ESP Project Tracker'!I108+'ESP Project Tracker'!I109+'ESP Project Tracker'!I112 -> 4 | AO29: =AI29-AL29 -> 0
AT31: 4.2 Weeks on site per new Trainees, Apprentices, Internships or Graduates (including apprentice training agency placements)
BC34: Overall Target | BJ34: ='[1]ESP Project Tracker Master'!F145 -> 40
A39: 1.2 Over 16 - 10 days | AE39: 3.2 Number of opportunities advertised locally | AT39: 4.3 and 4.4 Sustained Positions and Weeks on Site
B42: Overall Target (Students) | K42: ='ESP Project Tracker'!G32 -> 15
AF43: Overall Target | AO43: ='ESP Project Tracker'!G113 -> 36
AF46: Achieved to Date | AO46: ='ESP Project Tracker'!I113 -> 30 | BF46: We will monitor and report sustained postions working on the scheme. Identified at this time is Dan Powell
B47: Achieved To Date | K47: ='ESP Project Tracker'!I32 -> 3
AF49: Total Outstanding | AO49: =AO43-AO46 -> 6
B52: Total Outstanding | K52: =K42-K47 -> 12 | AF52: Project | AI52: Project Target | AL52: Achieved to Date | AO52: Outstanding
AF53: ECI | AI53: 6 | AL53: ='ESP Project Tracker'!I114+'ESP Project Tracker'!I115+'ESP Project Tracker'!I116 -> 5 | AO53: =AI53-AL53 -> 1
AF54: ACRR | AI54: 4 | AL54: ='ESP Project Tracker'!I120+'ESP Project Tracker'!I121+'ESP Project Tracker'!I122+'ESP Project Tracker'!I123 -> 4 | AO54: =AI54-AL54 -> 0
AF55: BB | AI55: 1 | AL55: ='ESP Project Tracker'!I124 -> 1 | AO55: =AI55-AL55 -> 0
AF56: LEWD | AI56: 1 | AL56: ='ESP Project Tracker'!I125 -> 1 | AO56: =AI56-AL56 -> 0
AF57: WRR | AI57: 4 | AL57: ='ESP Project Tracker'!I126+'ESP Project Tracker'!I127+'ESP Project Tracker'!I128+'ESP Project Tracker'!I129 -> 2 | AO57: =AI57-AL57 -> 2
B58: Project | E58: Project Target | H58: Achieved to Date | K58: Outstanding | AF58: SR & WG PH1 | AI58: 4 | AL58: ='ESP Project Tracker'!I130+'ESP Project Tracker'!I131+'ESP Project Tracker'!I132+'ESP Project Tracker'!I133 -> 1 | AO58: =AI58-AL58 -> 3
B59: ECI | E59: 2 | H59: ='ESP Project Tracker'!I33+'ESP Project Tracker'!I34 -> 1 | K59: =E59-H59 -> 1 | AF59: WG PH2 | AI59: 4 | AL59: ='ESP Project Tracker'!I134+'ESP Project Tracker'!I135+'ESP Project Tracker'!I136+'ESP Project Tracker'!I137 -> 2 | AO59: =AI59-AL59 -> 2
B60: ACRR | E60: 2 | H60: ='ESP Project Tracker'!I35 -> 0.5 | K60: =E60-H60 -> 1.5 | AF60: WOOFR | AI60: 4 | AL60: ='ESP Project Tracker'!I138+'ESP Project Tracker'!I139+'ESP Project Tracker'!I140+'ESP Project Tracker'!I141 -> 5 | AO60: =AI60-AL60 -> -1
B61: BB | E61: 1 | H61: ='ESP Project Tracker'!I37 -> 0 | K61: =E61-H61 -> 1 | AF61: AF | AI61: 2 | AL61: ='ESP Project Tracker'!I142+'ESP Project Tracker'!I143 -> 1 | AO61: =AI61-AL61 -> 1
B62: LEWD | E62: 2 | H62: ='ESP Project Tracker'!I39+'ESP Project Tracker'!I40 -> 1 | K62: =E62-H62 -> 1 | AF62: EG | AI62: 6 | AL62: ='ESP Project Tracker'!I144+'ESP Project Tracker'!I145+'ESP Project Tracker'!I146+'ESP Project Tracker'!I147+'ESP Project Tracker'!I148+'ESP Project Tracker'!I149 -> 7 | AO62: =AI62-AL62 -> -1
B63: WRR | E63: 1 | H63: ='ESP Project Tracker'!I45 -> 0 | K63: =E63-H63 -> 1
B64: SR & WG PH1 | E64: 1 | H64: ='ESP Project Tracker'!I43 -> 0 | K64: =E64-H64 -> 1
B65: WG PH2 | E65: 2 | H65: ='ESP Project Tracker'!I45 -> 0 | K65: =E65-H65 -> 2
B66: WOOFR | E66: 1 | H66: ='ESP Project Tracker'!I47 -> 0 | K66: =E66-H66 -> 1
B67: AF | E67: 1 | H67: ='ESP Project Tracker'!I49 -> 0 | K67: =E67-H67 -> 1
B68: EG | E68: 2 | H68: ='ESP Project Tracker'!I51 -> 0 | K68: =E68-H68 -> 2
A71: 5. Get into road construction | P71: 6. Training courses (internal and external) | AE71: 7. Professional and Academic Qualifications | AT71: 9. Community Engagement
A73: 5.1 Supporting The Unemployed Back Into Employment | P73: 6.1 Health and Safety Courses | U73: 6.2 Professional Development Courses | Z73: 6.3 Sustainability Innovation Courses | AE73: 7.1 CIAT:CIBSE:CIOB:ICE etc. - Starts or Completions | AJ73: 7.2 Degrees/HNC or similar - Starts or Completions | AO73: 7.3 NVQ (any level) - Starts or Completions | AT73: 9.1 Newsletters | BI73: 9.2 Volunteering Events in Days
Q76: Overall Target | S76: ='ESP Project Tracker'!G210 -> 81 | V76: Overall Target | X76: ='ESP Project Tracker'!G282 -> 27 | AA76: Overall Target | AC76: ='ESP Project Tracker'!G313 -> 27 | AF76: Overall Target | AH76: ='ESP Project Tracker'!G352 -> 6 | AK76: Overall Target | AM76: ='ESP Project Tracker'!G374 -> 6 | AP76: Overall Target | AR76: ='ESP Project Tracker'!G395 -> 18 | BJ76: Overall Target | BN76: ='ESP Project Tracker'!G464 -> 50 | BQ76: Achieved to Date | BU76: ='ESP Project Tracker'!I464 -> 30.375
AV77: Project | AY77: Newsletter sent out | BC77: Newsletter Required
C78: ='ESP Project Tracker'!K199 -> Event 1: Complete. Started 12th Feb 2020 lasting 6 weeks. | AV78: ECI | AY78: 0 | BC78: No
AV79: ACRR | AY79: ='ESP Project Tracker'!I443+'ESP Project Tracker'!I444+'ESP Project Tracker'!I445 -> 3 | BC79: No
AV80: BB | AY80: ='ESP Project Tracker'!I446+'ESP Project Tracker'!I447 -> 2 | BC80: No
Q81: Achieved to date | S81: ='ESP Project Tracker'!I210 -> 159.625 | V81: Achieved to date | X81: ='ESP Project Tracker'!I282 -> 31.625 | AA81: Achieved to date | AC81: ='ESP Project Tracker'!I313 -> 20.25 | AF81: Achieved to date | AH81: ='ESP Project Tracker'!I352 -> 5 | AK81: Achieved to date | AM81: ='ESP Project Tracker'!I374 -> 4 | AP81: Achieved to date | AR81: ='ESP Project Tracker'!I395 -> 14 | AV81: LEWD | AY81: ='ESP Project Tracker'!I448+'ESP Project Tracker'!I449 -> 2 | BC81: No
AV82: WRR | AY82: ='ESP Project Tracker'!I450 -> 1 | BC82: No
AV83: SR & WG PH1 | AY83: ='ESP Project Tracker'!I452 -> 0 | BC83: Yes
AV84: WG PH2 | AY84: ='ESP Project Tracker'!I454 -> 0 | BC84: Yes
AV85: WOOFR | AY85: ='ESP Project Tracker'!I456+'ESP Project Tracker'!I457 -> 2 | BC85: No
Q86: Outstanding | S86: =S76-S81 -> -78.625 | V86: Outstanding | X86: =X76-X81 -> -4.625 | AA86: Outstanding | AC86: =AC76-AC81 -> 6.75 | AF86: Outstanding | AH86: =AH76-AH81 -> 1 | AK86: Outstanding | AM86: =AM76-AM81 -> 2 | AP86: Outstanding | AR86: =AR76-AR81 -> 4 | AV86: AF | AY86: ='ESP Project Tracker'!I458 -> 0 | BC86: Yes
AV87: EG | AY87: ='ESP Project Tracker'!I462 -> 1 | BC87: Yes
AT95: 9.3 Charitable Donations | BI95: 9.4 Community Based Events (IE time capsule or ground breaking ceremony)
AU98: Overall Target | AW98: ='ESP Project Tracker'!G510 -> 10000 | BB98: Achieved to Date | BD98: ='ESP Project Tracker'!I510 -> 12897.48
BK101: Project | BN101: Community Based Events Complete | BR101: Community Based Event Type
BK102: ECI | BN102: ='ESP Project Tracker'!I537+'ESP Project Tracker'!I538 -> 1 | BR102: Good New Story - Sue Ryder Forget-Me-Not-Walk
BK103: ACRR | BN103: ='ESP Project Tracker'!I539 -> 1 | BR103: News Release - Memorial Stone
BK104: BB | BN104: ='ESP Project Tracker'!I541 -> 0
BK105: LEWD | BN105: ='ESP Project Tracker'!I543 -> 1 | BR105: News Release
BK106: WRR | BN106: ='ESP Project Tracker'!I545 -> 1 | BR106: News Releast - Adult Education Course
BK107: SR & WG PH1 | BN107: ='ESP Project Tracker'!I547 -> 0
BK108: WG PH2 | BN108: ='ESP Project Tracker'!I549 -> 0
BK109: WOOFR | BN109: ='ESP Project Tracker'!I551 -> 0
BK110: AF | BN110: ='ESP Project Tracker'!I553 -> 0
BK111: EG | BN111: ='ESP Project Tracker'!I555 -> 0

Sheet Formulas
A1: Month | B1: Count | H1: Old Engagements
A2: 09.01.19 | B2: 320 | C2: 09/01/2019 Oakbank School Career's Fair | H2: Month | I2: Count
A3: 05.03.19 | B3: 100 | C3: 05/03/2019 National Apprenticeship Show | H3: 22/2/2018 | I3: 70 | J3: 22/2/2018 Job Safari Adventure- Addington school
A4: 07.03.19 | B4: 1042 | C4: 07/03/2019 Learn Live National Apprenticeship Week | H4: 18/6/2018 | I4: 414 | J4: 18/6/2018 Chestnuts Primary School- Aspiration day
H5: 26/6/2018 | I5: 210 | J5: 26/6/2018 Construction learn live event-online
A6: Section 3.1 - Gauge | H6: 4/7/2018 | I6: 1000 | J6: 4/7/2018 Reading College careers fair
A7: red | B7: 6 | D7: value | E7: =SUM('ESP dashboard'!AL20:AN29) -> 24 | H7: 16/7/2018 | I7: 45 | J7: 16/7/2018 Year 10 Careers Morning - Tony Gee - St John the Baptist School.
A8: amber | B8: 12 | D8: Pointer | E8: 0.25 | H8: 18/7/2018 | I8: 20 | J8: 18/7/2018 Piggott school interview workshop
A9: green | B9: 6 | D9: end | E9: 24 | H9: 43392 | I9: 1400 | J9: 19/10/2018 Careers Fair - The Holt School
A10: Total | B10: 24 | H10: 43395 | I10: 800 | J10: 22/10/2018 We Are Engineers - Science Museum
H11: 43417 | I11: 240 | J11: 13/11/2018 Career's Talk
A12: Section 4.1 - Gauge | H12: 43425 | I12: 500 | J12: 21/11/2018 Reading College Career's Fair
A13: red | B13: 4 | D13: value | E13: 9
A14: amber | B14: 6 | D14: Pointer | E14: 0.25
A15: green | B15: 4 | D15: end | E15: 14
A16: Total | B16: 14
A18: Section 4.2 - Gauge
A19: red | B19: 2 | D19: value | E19: 6
A20: amber | B20: 5 | D20: Pointer | E20: 0.25
A21: green | B21: 2 | D21: end | E21: 9
A22: Total | B22: 9
A24: Section 6.1 - Gauge
A25: red | B25: 25 | D25: value | E25: ='ESP Project Tracker'!I210 -> 159.625
A26: amber | B26: 31 | D26: Pointer | E26: 0.25
A27: green | B27: 25 | D27: end | E27: 81
A28: Total | B28: 81
A30: Section 6.2 - Gauge
A31: red | B31: 8 | D31: value | E31: 4.5
A32: amber | B32: 11 | D32: Pointer | E32: 0.25
A33: green | B33: 8 | D33: end | E33: 27
A34: Total | B34: 27
A36: Section 6.3 - Gauge
A37: red | B37: 8 | D37: value | E37: 10.75
A38: amber | B38: 11 | D38: Pointer | E38: 0.25
A39: green | B39: 8 | D39: end | E39: 27
A40: Total | B40: 27
A42: Section 7.1 - Gauge
A43: red | B43: 2 | D43: value | E43: 0
A44: amber | B44: 2 | D44: Pointer | E44: 0.25
A45: green | B45: 2 | D45: end | E45: 6
A46: Total | B46: 6
A48: Section 7.2 - Gauge
A49: red | B49: 2 | D49: value | E49: 0
A50: amber | B50: 2 | D50: Pointer | E50: 0.25
A51: green | B51: 2 | D51: end | E51: 6
A52: Total | B52: 6
A54: Section 7.3 - Gauge
A55: red | B55: 5 | D55: value | E55: 0
A56: amber | B56: 8 | D56: Pointer | E56: 0.25
A57: green | B57: 5 | D57: end | E57: 18
A58: Total | B58: 18
A60: Section 9.2 - Gauge
A61: red | B61: 15 | D61: value | E61: ='ESP Project Tracker'!I464 -> 30.375
A62: amber | B62: 20 | D62: Pointer | E62: 0.25
A63: green | B63: 15 | D63: end | E63: 50
A64: Total | B64: ='[1]ESP Project Tracker Master'!G371 -> 0
A66: Section 9.3 - Gauge
A67: red | B67: 2000 | D67: value | E67: 2000
A68: amber | B68: 5000 | D68: Pointer | E68: 50
A69: green | B69: 2000 | D69: end | E69: 9000
A70: Total | B70: 9000

Sheet ESP Targets Per Scheme
A1: Scape Year 3 Targets – Applicable for all projects reaching delivery agreement before Feb-18
A2: We commit to meeting all of the requirements of Appendix 1 in accordance with the terms and conditions set out in the Framework Agreement. Please note that figures provided are on a project basis.
F3: Original Target F | G3: Original Target
B4: Employment and Skills Areas | C4: Measured by | F4: £40+ | G4: ECI Works | H4: Aborfield £13m | I4: Barkham £3.6m | J4: LEWD £3.4m | K4: WRR Ph2 £5.7m | L4: Spine Road & Western Gateway Ph.1 £16.5m | M4: Western Gateway Ph.2 £7.5m | N4: West of Old Forest Road & Toutley Road £13.5m | O4: Ashridge Farm £3.2m | P4: Eastern Gateway £11.7m | Q4: Current Achieved
A5: 1 | B5: Work Experience | G5: Original Target | H5: Original Target | I5: Original Target | J5: Original Target | K5: Original Target | L5: Original Target | M5: Original Target | N5: Original Target | O5: Original Target | P5: Original Target
A6: 1.1 | B6: Work experience under 16 years - 1 week | C6: No of Individuals | F6: ='ESP Project Tracker'!G13 -> 6 | G6: ='ESP Project Tracker'!I14 -> 1 | H6: 1 | I6: 0 | J6: 0 | K6: 0 | L6: 1 | M6: 1 | N6: 1 | O6: 0 | P6: 1 | Q6: ='ESP Project Tracker'!I13 -> 11
A7: 1.2 | B7: Work experience over 16 years - 2 weeks | C7: No of Individuals | F7: ='ESP Project Tracker'!G32 -> 15 | G7: 2 | H7: 2 | I7: 1 | J7: 2 | K7: 1 | L7: 1 | M7: 2 | N7: 1 | O7: 1 | P7: 2 | Q7: ='ESP Project Tracker'!I32 -> 3
A8: 2 | B8: Engagement with schools/colleges
A9: 2.1 | B9: School college visits | C9: No of pupils | F9: ='ESP Project Tracker'!G54 -> 1000 | G9: 100 | H9: 100 | I9: 99 | J9: 45 | K9: 100 | L9: 100 | M9: 100 | N9: 100 | O9: 100 | P9: 156 | Q9: ='ESP Project Tracker'!I54 -> 7189
A10: 3 | B10: Adult Employment Opportunities (19+) (13 weeks minimum)
A11: 3.1 | B11: Number of opportunities created | C11: No of Individuals | F11: ='ESP Project Tracker'!G76 -> 24 | G11: 5 | H11: 4 | I11: 1 | J11: 1 | K11: 1 | L11: 3 | M11: 2 | N11: 2 | O11: 1 | P11: 4 | Q11: ='ESP Project Tracker'!I76 -> 33
A12: 3.2 | B12: Number of opportunities advertised locally | C12: No of advertised positions | F12: ='ESP Project Tracker'!G113 -> 36 | G12: 6 | H12: 4 | I12: 1 | J12: 1 | K12: 4 | L12: 4 | M12: 4 | N12: 4 | O12: 2 | P12: 6 | Q12: ='ESP Project Tracker'!I113 -> 30
A13: 4 | B13: Trainees, Apprentices, Internships or Graduates
B14: (including Apprentice Training Agency placements)
A15: 4.1 | B15: Number of starts or completions | C15: No of Individuals | F15: ='ESP Project Tracker'!G151 -> 14 | G15: 2 | H15: 2 | I15: 1 | J15: 0 | K15: 2 | L15: 1 | M15: 1 | N15: 2 | O15: 1 | P15: 2 | Q15: ='ESP Project Tracker'!I151 -> 12
A16: 4.2 | B16: Weeks on site | C16: Weeks on site per new apprentice | F16: ='ESP Project Tracker'!G168 -> 40 | G16: 40 | H16: 40 | I16: 40 | J16: 0 | K16: 40 | L16: 40 | M16: 40 | N16: 40 | O16: 40 | P16: 40 | Q16: ='ESP Project Tracker'!I168 -> 517
A17: 4.3 | B17: Sustained Positions and Weeks on site | C17: No of Individuals and Weeks on site for existing apprentices | F17: ='ESP Project Tracker'!G185 -> To Be Monitored | G17: 1 | H17: 1 | I17: 1 | J17: 0 | K17: 1 | L17: 1 | M17: 1 | N17: 1 | O17: 1 | P17: 1 | Q17: ='ESP Project Tracker'!I185 -> 0
A18: 5 | B18: Get into Road Construction (WBC Initiative)
A19: 5.1 | B19: Supporting The Unemployed Back Into Employment (WBC Initiative) | C19: No of Individuals. We envisage running no more than 2 courses over the year, and would only expect 8-10 learners per course. We would be targeting the courses at residents who are unemployed with low level/no qualifications who may find work either with yourselves or other contractors at the labouring / gatekeeping type level. | F19: ='ESP Project Tracker'!G197 -> 8 | G19: 1 | H19: 1 | I19: 0 | J19: 0 | K19: 1 | L19: 1 | M19: 1 | N19: 1 | O19: 1 | P19: 1 | Q19: ='ESP Project Tracker'!I197 -> 1
A20: 6 | B20: Training courses (internal and external)
A21: 6.1 | B21: Health & Safety (SSSTS, SMSTS etc…) | C21: No of people days on training courses | F21: ='ESP Project Tracker'!G210 -> 81 | G21: 9 | H21: 9 | I21: 6 | J21: 2 | K21: 9 | L21: 9 | M21: 9 | N21: 9 | O21: 6 | P21: 13 | Q21: ='ESP Project Tracker'!I210 -> 159.625
A22: 6.2 | B22: Professional Development (including Pre-employment courses) | F22: ='ESP Project Tracker'!G282 -> 27 | G22: 3 | H22: 3 | I22: 1 | J22: 1 | K22: 3 | L22: 3 | M22: 3 | N22: 3 | O22: 3 | P22: 4 | Q22: ='ESP Project Tracker'!I282 -> 31.625
A23: 6.3 | B23: Sustainability/innovation | F23: ='ESP Project Tracker'!G313 -> 27 | G23: 3 | H23: 3 | I23: 1 | J23: 1 | K23: 3 | L23: 3 | M23: 3 | N23: 3 | O23: 3 | P23: 4 | Q23: ='ESP Project Tracker'!I313 -> 20.25
A24: 7 | B24: Professional and Academic Qualifications
A25: 7.1 | B25: CIAT; CIBSE; CIOB; ICE etc… – Starts or Completions | C25: No of Individuals | F25: ='ESP Project Tracker'!G352 -> 6 | G25: 1 | H25: 1 | I25: 0 | J25: 0 | K25: 0 | L25: 1 | M25: 1 | N25: 1 | O25: 0 | P25: 1 | Q25: ='ESP Project Tracker'!I352 -> 5
A26: 7.2 | B26: Degree/HNC or similar – Starts or Completions | C26: No of Individuals | F26: ='ESP Project Tracker'!G374 -> 6 | G26: 1 | H26: 1 | I26: 0 | J26: 0 | K26: 0 | L26: 1 | M26: 1 | N26: 1 | O26: 0 | P26: 1 | Q26: ='ESP Project Tracker'!I374 -> 4
A27: 7.3 | B27: NVQ (any level) – Starts or Completions | C27: No of Individuals | F27: ='ESP Project Tracker'!G395 -> 18 | G27: 4 | H27: 2 | I27: 1 | J27: 1 | K27: 1 | L27: 2 | M27: 1 | N27: 2 | O27: 1 | P27: 3 | Q27: ='ESP Project Tracker'!I395 -> 14
A28: 8 | B28: Training Groups and Plans
A29: 8.1 | B29: Employment and Skills Groups Meetings | C29: No of Meetings | F29: 9 | G29: 1 | H29: 1 | I29: 1 | J29: 0 | K29: 1 | L29: 1 | M29: 1 | N29: 1 | O29: 1 | P29: 1 | Q29: ='ESP Project Tracker'!I422 -> 6
A30: 8.2 | B30: Training Plans Reviewed (Staff or Supply Chain) | C30: No Individuals or Companies | F30: TBM | G30: TBM | H30: TBM | I30: TBM | J30: TBM | K30: TBM | L30: TBM | M30: TBM | N30: TBM | O30: TBM | P30: TBM | Q30: ='ESP Project Tracker'!I433 -> 1
A31: 9 | B31: Community Engagement
A32: 9.1 | B32: Newsletters | C32: No of Newsletters | F32: 9 | G32: 1 | H32: 1 | I32: 1 | J32: 1 | K32: 1 | L32: 1 | M32: 1 | N32: 1 | O32: 1 | P32: 1 | Q32: ='ESP Project Tracker'!I440 -> 12
A33: 9.2 | B33: Volunteer Events | C33: No of volunteer days | F33: 50 | G33: 6 | H33: 6 | I33: 3 | J33: 2 | K33: 6 | L33: 6 | M33: 6 | N33: 6 | O33: 3 | P33: 6 | Q33: ='ESP Project Tracker'!I464 -> 30.375
A34: 9.3 | B34: Charitable Donations | C34: Amount (£) where this is equipment an equivalent cost should be input | F34: 10000 | G34: 1000 | H34: 1000 | I34: 1000 | J34: 1000 | K34: 1000 | L34: 1000 | M34: 1000 | N34: 1000 | O34: 1000 | P34: 1000 | Q34: ='ESP Project Tracker'!I510 -> 12897.48
A35: 9.4 | B35: Community Based Events (i.e. Time-capsule or Ground Breaking Ceremony) | C35: No of Events | F35: 9 | G35: 1 | H35: 1 | I35: 1 | J35: 1 | K35: 1 | L35: 1 | M35: 1 | N35: 1 | O35: 1 | P35: 1 | Q35: ='ESP Project Tracker'!I536 -> 5
A36: Increased targets for subsequent years for the above typical projects: (insert a %) | C36: Year 4 | D36: 0.05 | E36: For every £5m spend on a project at least 1 opportunity must be provided for ex-offenders and or armed forces leavers.
